 Dungeon Crawl Stone Soup version 0.28-a0-1510-gd0f6b136d3 (webtiles) character file.

Game seed: 307220507468029543

2279 comborobin the Covert (level 9, -9/44 HPs)
             Began as a Spriggan Delver on Jan 15, 2022.
             Mangled by a gnoll (12 damage)
             ... in a bailey.
             The game lasted 00:13:00 (5532 turns).

comborobin the Covert (Spriggan Delver)             Turns: 5532, Time: 00:13:01

Health: -9/44      AC:  2    Str: 10    XL:     9   Next: 16%
Magic:  10/10      EV: 24    Int: 11    God:
Gold:   165        SH:  0    Dex: 23    Spells: 8/8 levels left

rFire   + + .      SeeInvis +   b - +6 hand axe of Nockodec {vorpal, rF+ Str+2 Dex+2 SInv}
rCold   . . .      Faith    .   (no shield)
rNeg    . . .      Spirit   .   o - +0 robe
rPois   .          Reflect  .   (helmet restricted)
rElec   .          Harm     .   (no cloak)
rCorr   +          Rampage  .   (gloves unavailable)
Will    +....                   (boots unavailable)
Stlth   +++++.....              (no amulet)
HPRegen 0.14/turn               w - ring of resist corrosion
MPRegen 0.12/turn               h - ring of protection from fire

@: very quick
A: very small, no large weapons, unfitting armour, see invisible, speed 3
a: no special abilities


You were in a bailey.
You visited 1 branch of the dungeon, and saw 5 of its levels.
You also visited: Bailey.

You collected 165 gold pieces.

Inventory:

Hand Weapons
 a - a +0 dagger
 b - the +6 hand axe of Nockodec (weapon) {vorpal, rF+ Str+2 Dex+2 SInv}
   (You found it on level 4 of the Dungeon)

   It inflicts extra damage upon your enemies.
   Str:       It affects your strength (+2).
   Dex:       It affects your dexterity (+2).
   rF:        It protects you from fire.
   SInv:      It lets you see invisible.
 l - a +0 scimitar
 m - a +0 short sword
Missiles
 i - 5 boomerangs (quivered)
 r - 4 poisoned darts
Armour
 o - a +0 robe (worn)
Jewellery
 h - a ring of protection from fire (right hand)
 w - a ring of resist corrosion (left hand)
Wands
 g - a wand of digging (2)
 n - a wand of polymorph (11)
 p - a wand of paralysis (2)
 v - a wand of mindburst (18)
Scrolls
 c - 3 scrolls of fog
 e - a scroll of fear
 f - a scroll of enchant weapon {unknown}
 q - a scroll of noise {unknown}
 t - a scroll of silence {unknown}
 u - a scroll of vulnerability {unknown}
 x - 2 scrolls of blinking {unknown}
 y - a scroll of summoning {unknown}
Potions
 j - a potion of haste
 k - a potion of attraction
 s - a potion of curing


   Skills:
 * Level 3.1 Fighting
 - Level 7.0 Short Blades
 + Level 3.1 Axes
 - Level 5.0 Throwing
 + Level 7.7 Dodging
 - Level 10.3 Stealth
 - Level 4.0 Evocations


You had 8 spell levels left.
You didn't know any spells.
Your spell library was empty.

Dungeon Overview and Level Annotations

Branches:
Dungeon (7/15)             Bailey (1/1)
 Temple: D:4-7

Altars:
Hepliaklqana
Kikubaaqudgha
Xom

Shops:
D:4 ?

Annotations:
D:4 exclusions: hobgoblin, 5 orcs and orc priest
D:5 3 runed translucent doors, exclusions: adder, orc warrior, wight and 19 more exclusions, flotson's ghost, novice DsGl


Innate Abilities, Weirdness & Mutations

You are very small and have problems with some larger weapons.
You are too small for most types of armour.
You have supernaturally acute eyesight. (SInv)
You cover ground extremely quickly. (Speed+++)


Message History

Okay, then.
Okay, then.
Okay, then.
Okay, then.
Okay, then.
Unknown command.
A gnoll comes into view. It is wielding a +0 halberd.
The gnoll misses you.
You slash the gnoll!
You kill the gnoll!
The gnoll hits you from afar with a +0 spear.
The hound misses you.
You hit the hound.
The hound is heavily wounded.
The gnoll misses you. The hound bites you. The gnoll completely misses you.
The gnoll hits you from afar with a +0 halberd!
The gnoll hits you from afar with a +0 spear.
The hound completely misses you.
Okay, then.
Aiming: Paralyse
Press: ? - help, Shift-Dir - straight line, f - hound
Aim: a hound (heavily wounded, chance to affect: 67%)
The hound struggles to resist.
The hound bites you but does no damage. The gnoll completely misses you.
The gnoll hits you from afar with a +0 spear.
* * * LOW HITPOINT WARNING * * *
The gnoll closely misses you.
There is a gate leading back out of this place here.
Okay, then.
Aiming: Paralyse
Press: ? - help, Shift-Dir - straight line, f/p - hound
Aim: a hound (heavily wounded, chance to affect: 67%)
The hound struggles to resist.
The hound misses you.
The gnoll hits you from afar with a +0 trident!
* * * LOW HITPOINT WARNING * * *
Unknown command.
Okay, then.
The hound completely misses you. x2
The gnoll hits you from afar with a +0 trident!
You die... ### ♣@♣ ♣h♣ ♣♣g♣♣ ♣ggg♣

♣.......♣
♣...........
...............
≈≈≈≈≈≈...≈≈≈≈≈≈
...............


You could see a hound and 4 gnolls.

Vanquished Creatures
  A two-headed ogre (D:4)
  Prince Ribbit (D:5)
  A shadow (D:5)
  A fire bat (D:7)
  3 sky beasts
  An ogre (D:6)
  A necrophage (D:5)
  Blork the orc (D:5)
  A bullfrog (D:7)
  4 scorpions
  3 howler monkeys
  A centaur zombie (D:6)
  A hound (Bailey)
  A jelly (D:7)
  An orc priest (D:6)
  An iguana (D:5)
  An orc wizard (D:6)
  A hound zombie (D:5)
  A gnoll (Bailey)
  7 adders
  An ufetubus (D:5)
  An adder skeleton (D:5)
  A dart slug (D:4)
  6 orcs
  An endoplasm (D:3)
  5 goblins
  3 hobgoblins
  A quokka (D:4)
  2 ball pythons
  3 frilled lizards (D:3)
  A rat (D:3)
58 creatures vanquished.

Notes
Turn   | Place    | Note
-------+----------+-------------------------------------------
     0 | D:5      | comborobin the Spriggan Delver began the quest for the Orb.
     0 | D:5      | Reached XP level 1. HP: 11/11 MP: 2/2
    35 | D:6      | Noticed an orc wizard
   142 | D:5      | Noticed an iguana
   148 | D:5      | Noticed a scorpion
   162 | D:5      | Killed an iguana
   163 | D:5      | Reached XP level 2. HP: 16/16 MP: 3/3
   326 | D:5      | Noticed Prince Ribbit
   362 | D:5      | Noticed a scorpion
   385 | D:4      | Reached XP level 3. HP: 15/19 MP: 4/4
   413 | D:3      | Found a hazy altar of Hepliaklqana.
   414 | D:3      | Found a shimmering altar of Xom.
   415 | D:3      | Noticed a spectral ugly thing
   727 | D:3      | Reached skill level 8 in Stealth
  1333 | D:4      | Noticed a scorpion
  1351 | D:4      | Killed a scorpion
  1352 | D:4      | Reached XP level 4. HP: 23/23 MP: 5/5
  1460 | D:4      | Found Xooqysh's Magic Scroll Shop.
  1484 | D:4      | Identified the +6 hand axe of Nockodec {vorpal, rF+ Str+2
                  | Dex+2 SInv}
  1973 | D:4      | Noticed a two-headed ogre
  2174 | D:4      | Killed a two-headed ogre
  2175 | D:4      | Reached skill level 10 in Stealth
  2175 | D:4      | Reached XP level 5. HP: 28/28 MP: 6/6
  2175 | D:4      | Reached XP level 6. HP: 32/32 MP: 7/7
  2175 | D:4      | Reached XP level 7. HP: 36/36 MP: 8/8
  2348 | D:5      | Killed Prince Ribbit
  2349 | D:5      | Reached skill level 5 in Dodging
  2401 | D:5      | Noticed Blork the orc
  2418 | D:5      | Killed Blork the orc
  2419 | D:5      | Reached skill level 1 in Throwing
  2419 | D:5      | Reached XP level 8. HP: 40/40 MP: 9/9
  2460 | D:5      | Found a runed translucent gate.
  2462 | D:5      | Found a runed translucent gate.
  2462 | D:5      | Noticed flotson's ghost (novice DsGl)
  2463 | D:5      | Found a runed translucent gate.
  3308 | D:5      | Reached skill level 5 in Throwing
  4184 | D:6      | Reached skill level 1 in Axes
  5231 | D:7      | Reached XP level 9. HP: 44/44 MP: 10/10
  5394 | D:7      | Found an ancient bone altar of Kikubaaqudgha.
  5484 | D:7      | Found a flagged portal.
  5516 | Bailey   | Entered a bailey
  5532 | Bailey   | Mangled by a gnoll

Illustrated notes

Levels and vault maps discovered:
D:3:      layout_basic, chequers_temple_overflow_statue_of_worship,
          regret_index_temple_of_mockery, minmay_misc_feat_cross,
          corner_web_ring, minmay_fractal_squares_diagonal_5
D:4:      minmay_chambers_of_fours, layout_loops_cross,
          mainiacjoe_overflow_cross_hatched, serial_shops, shop,
          hangedman_decor_lopped
D:5:      layout_loops_ring, gammafunk_ghost_split, uniq_prince_ribbit1,
          uniq_blork_the_orc
D:6:      layout_layer_cave
D:7:      minmay_blocky_corners, layout_basic, general_overflow_altar,
          minmay_temple_entry_glassed_door, enter_bailey_5
Bailey:   bailey_polearm_gnolls_kennysheep, bailey

Skill      XL: |  1  2  3  4  5  6  7  8  9 |
---------------+----------------------------+-----
Dodging        | 3 5 7 |  7.7
Stealth        | 8 10 | 10.3
Short Blades   | 3 6 7 |  7.0
Fighting       | 3 |  3.1
Evocations     | 4 |  4.0
Throwing       | 1 5 |  5.0
Axes           | 2 3 |  3.1

Action                   |  1- 3 |  4- 6 |  7- 9 || total
-------------------------+-------+-------+-------++-------
Melee: Short sword       |    25 |     7 |       ||    32
       Dagger            |       |     8 |    32 ||    40
       Hand axe          |       |     7 |    73 ||    80
       Unarmed           |       |       |    19 ||    19
       Punch             |       |       |     2 ||     2
Throw: Boomerang         |     6 |       |    12 ||    18
       Dart              |     2 |       |    10 ||    12
Evoke: Wand              |     1 |     1 |    13 ||    15
  Use: Scroll            |     1 |       |     2 ||     3
       Potion            |       |       |     3 ||     3
 Stab: Sleeping          |     3 |     6 |     9 ||    18
       Distracted        |     1 |       |       ||     1
       Paralysed         |       |     2 |     2 ||     4
Armor: Robe              |     1 |       |     6 ||     7
       Skin              |       |       |     2 ||     2
Dodge: Dodged            |    33 |    11 |   143 ||   187

Table legend: (Time is in decaauts)
 A = Elapsed time spent in this place.
 B = Non-inter-level travel time spent in this place.
 C = Inter-level travel time spent in this place.
 D = Time resting spent in this place.
 E = Time spent auto-exploring this place.
 F = Levels seen in this place.
 G = Mean time per level.
                   A        B        C        D        E       F      G
               +--------+--------+--------+--------+--------+-----+--------+
         Total |   4137 |   4049 |     88 |    833 |   2205 |   6 |  689.5 |
       Dungeon |   4123 |   4035 |     88 |    833 |   2205 |   5 |  824.6 |
        Bailey |     14 |     14 |      0 |      0 |      0 |   1 |   14.0 |
               +--------+--------+--------+--------+--------+-----+--------+

Top non-repeatable levels by time:
     D:6: 1430 daAuts
     D:5: 951 daAuts
     D:4: 758 daAuts
     D:3: 679 daAuts
     D:7: 304 daAuts
  Bailey: 14 daAuts
